Map: Orbital Shipyard

Players

Wellmet - Winner!

  • Race: Terran Terran
  • League: Diamond

CaVaLieR

  • Race: Protoss Protoss
  • League: Platinum

VOD

Have the link to the VOD?

Description

Time

  • Played on: Nov. 13, 2015, 3:26 a.m.
  • Length: 9:30
Show
View Real Time Build Order
Export as new Build Order

Wellmet Terran - Winner!

Build Orders: Command Center First (CC), MMM Bio 

Get SALT Encoding   

  12  0:01  SCV  
  13  0:13  SCV  
  14  0:18  Supply Depot  
  14  0:25  SCV  
  15  0:39  SCV  
  16  0:51  SCV  
  17  1:00  Command Center  
  17  1:03  SCV  
  18  1:14  Barracks  
  18  1:18  SCV  
  19  1:29  Barracks  
  19  1:32  SCV  
  20  1:39  Refinery  
  20  1:44  SCV  
  21  2:03  Orbital Command, Marine  
  22  2:12  Orbital Command  
  22  2:14  Bunker  
  22  2:18  Marine  
  22  2:21  Marine  
  24  2:30  SCV  
  24  2:36  Barracks Reactor  
  25  2:39  SCV  
  25  2:41  Marine  
  25  2:42  SCV  
  28  2:48  Barracks  
  28  2:54  SCV x2  
  30  2:59  Barracks Tech Lab  
  30  3:06  SCV x2  
  30  3:08  Supply Depot  
  32  3:13  Marine x2  
  32  3:18  SCV  
  35  3:20  Stimpack, Marine  
  35  3:22  SCV  
  35  3:24  Refinery  
  37  3:30  SCV  
  37  3:32  Marine x2  
  37  3:34  SCV  
  41  3:39  Marine x2  
  43  3:42  SCV  
  43  3:45  Supply Depot  
  44  3:50  Command Center  
  44  3:51  Marine  
  44  3:52  Marine  
  46  3:58  Factory  
  46  4:02  Refinery  
  46  4:04  Engineering Bay  
  46  4:07  Supply Depot  
  46  4:09  SCV  
  47  4:12  SCV  
  47  4:16  Supply Depot  
  48  4:19  Marauder  
  48  4:21  SCV  
  48  4:23  Marine  
  52  4:25  Marine  
  52  4:28  Barracks Reactor  
  53  4:33  Terran Infantry Weapons Level 1  
  53  4:34  SCV  
  53  4:37  SCV  
  55  4:42  Starport  
  55  4:45  Factory Reactor, Marine  
  55  4:47  Marine  
  55  4:48  SCV  
  58  4:54  Supply Depot  
  58  4:58  Marauder  
  58  4:59  SCV  
  61  5:04  Orbital Command  
  61  5:06  Marine x3  
  64  5:08  Marine  
  64  5:10  SCV  
  66  5:22  SCV, Orbital Command  
  66  5:23  SCV  
  66  5:26  Combat Shields  
  66  5:28  Marauder, Marine x4  
  72  5:33  Medivac  
  72  5:34  Medivac  
  78  5:37  SCV  
  78  5:38  SCV  
  78  5:41  Widow Mine  
  82  5:44  Refinery  
  82  5:47  SCV  
  82  5:48  Marine x2  
  82  5:49  Marine x2  
  86  5:51  Marauder  
  86  5:52  Liberator  
  86  5:55  Supply Depot  
  86  5:56  SCV  
  90  6:05  SCV  
  90  6:06  Barracks  
  90  6:08  Barracks  
  90  6:09  Liberator  
  90  6:16  Marine x3  
  90  6:17  Marauder  
  86  6:18  Marine  
  86  6:20  Widow Mine  
  86  6:22  SCV x2  
  93  6:28  SCV  
  93  6:29  Terran Infantry Armor Level 1  
  95  6:33  Supply Depot  
  95  6:34  SCV  
  95  6:35  SCV  
  95  6:36  Marine x2  
  99  6:40  SCV  
  99  6:42  Marine  
  101  6:49  Supply Depot  
  101  6:53  Liberator  
  101  6:55  SCV x2, Barracks Tech Lab, Marauder, Concussive Shells, Marine  
  101  7:00  Barracks Reactor  
  106  7:01  Marine x2  
  106  7:05  Supply Depot  
  106  7:08  Refinery  
  108  7:10  Liberator  
  108  7:12  Marine  
  108  7:13  Marine  
  113  7:16  Command Center  
  113  7:17  Marauder  
  115  7:24  Marine  
  115  7:28  SCV x2  
  123  7:30  Marauder  
  123  7:38  Marauder, Liberator  
  123  7:43  Supply Depot  
  125  7:45  Supply Depot, Factory Reactor  
  125  7:47  Barracks  
  125  7:50  Marine x5  
  125  7:51  Armory  
  130  7:52  Barracks  
  130  7:55  Engineering Bay  
  133  8:05  Supply Depot, SCV x2, Marauder  
  137  8:09  Supply Depot  
  137  8:10  Marine x3  
  137  8:11  Marine x2  
  142  8:25  Marauder  
  144  8:33  Marauder, Marine x4  
  146  8:41  Barracks Reactor, Barracks Tech Lab  
  146  8:46  Marauder  
  148  8:48  Command Center  
  148  8:49  Refinery  
  148  8:52  Starport  
  148  8:53  Command Center  
  148  8:54  Marine x2  
  148  8:55  Starport  
  150  9:05  SCV x2  
  150  9:08  Marauder x2  
Show
View Real Time Build Order
Export as new Build Order

CaVaLieR Protoss 

Build Orders:  

Get SALT Encoding   

  12  0:01  Probe (Chrono Boost)  
  13  0:11  Probe (Chrono Boost)  
  14  0:17  Pylon  
  14  0:22  Probe (Chrono Boost)  
  15  0:36  Probe (Chrono Boost), Gateway  
  15  0:42  Assimilator  
  16  0:46  Probe (Chrono Boost)  
  18  0:57  Probe (Chrono Boost)  
  18  1:00  Gateway  
  18  1:07  Probe (Chrono Boost)  
  18  1:10  Pylon  
  19  1:18  Probe (Chrono Boost)  
  20  1:25  Cybernetics Core  
  20  1:28  Probe (Chrono Boost)  
  21  1:40  Probe (Chrono Boost)  
  22  1:57  Nexus  
  22  2:05  Adept (Chrono Boost)  
  24  2:08  Adept (Chrono Boost)  
  24  2:10  Warp Gate (Chrono Boost)  
  26  2:17  Assimilator  
  26  2:27  Pylon  
  26  2:40  Probe  
  27  2:47  Robotics Facility  
  27  2:48  Stalker  
  29  3:03  Mothership Core (Chrono Boost)  
  31  3:10  Probe (Chrono Boost)  
  31  3:12  Adept  
  34  3:22  Probe x2 (Chrono Boost)  
  36  3:36  Probe (Chrono Boost)  
  36  3:37  Probe (Chrono Boost)  
  38  3:45  Observer  
  38  3:47  Probe x2 (Chrono Boost)  
  41  3:58  Probe (Chrono Boost)  
  42  4:07  Nexus, Pylon  
  42  4:08  Probe x2 (Chrono Boost)  
  44  4:18  Pylon  
  44  4:25  Sentry x2  
  44  4:28  Immortal  
  53  4:31  Probe x2 (Chrono Boost)  
  53  4:33  Gateway  
  53  4:38  Gateway  
  54  4:42  Probe x2 (Chrono Boost)  
  56  4:49  Zealot  
  56  4:50  Zealot  
  62  4:52  Probe (Chrono Boost)  
  62  4:53  Probe (Chrono Boost)  
  62  4:56  Pylon  
  62  5:03  Probe x2 (Chrono Boost)  
  62  5:04  Forge  
  64  5:09  Assimilator  
  64  5:11  Assimilator  
  64  5:13  Probe (Chrono Boost)  
  64  5:14  Probe (Chrono Boost)  
  66  5:19  Observer  
  67  5:25  Probe x2 (Chrono Boost)  
  69  5:29  Pylon, Robotics Bay  
  69  5:32  Probe (Chrono Boost)  
  69  5:35  Probe (Chrono Boost)  
  71  5:39  Photon Cannon  
  71  5:48  Adept x4  
  79  5:51  Probe (Chrono Boost)  
  79  5:52  Observer  
  79  5:55  Probe x2 (Chrono Boost)  
  83  6:04  Probe x2, Protoss Ground Weapons Level 1 (Chrono Boost)  
  85  6:11  Gateway  
  83  6:20  Probe, Zealot x4  
  83  6:22  Probe  
  83  6:24  Assimilator  
  93  6:28  Disruptor (Chrono Boost)  
  93  6:29  Assimilator  
  96  6:38  Gateway  
  96  6:40  Pylon  
  96  6:43  Sentry x2  
  96  6:44  Probe  
  101  6:53  Forge  
  101  6:56  Photon Cannon  
  101  6:57  Probe x2  
  101  6:58  Probe  
  104  7:03  Pylon x2  
  104  7:07  Disruptor  
  107  7:13  Zealot  
  109  7:16  Extended Thermal Lance (Chrono Boost)  
  107  7:32  Protoss Ground Armor Level 1 (Chrono Boost)  
  107  7:36  Probe  
  107  7:38  Probe  
  109  7:47  Colossus  
  115  7:55  Probe x2, Twilight Council  
  115  7:56  Probe  
  118  8:02  Photon Cannon  
  118  8:04  Pylon, Photon Cannon  
  118  8:05  Probe x2  
  118  8:06  Pylon, Photon Cannon  
  118  8:07  Pylon  
  118  8:08  Probe  
  121  8:16  Probe x2  
  123  8:20  Probe  
  123  8:26  Probe  
  124  8:38  Stalker  
  124  8:39  Stalker x5  
  142  8:55  Pylon  
  142  8:56  Pylon  
  142  8:58  Pylon  
  142  8:59  Pylon  
  142  9:06  Pylon  
  142  9:07  Zealot x3  
  148  9:15  Pylon  
  129  9:17  Pylon  
  129  9:19  Pylon  
Tags
 
Add a new tag
Caveats
  • Supply blocks, unpowered buildings, or Contaminate may cause inaccurate times.
  • Supply counts are checked every 10 seconds.